 Dungeon Crawl Stone Soup version 0.22-a0-305-gd21a89c (webtiles) character file.

63 Gildeon the Chopper (level 3, 0/31 HPs)
             Began as a Minotaur Fighter on Mar 31, 2018.
             Succumbed to Robin's poison
             ... on level 2 of the Dungeon.
             The game lasted 00:04:04 (1554 turns).

Gildeon the Chopper (Minotaur Fighter)              Turns: 1554, Time: 00:04:05

Health: 0/31       AC:  8    Str: 20    XL:     3   Next: 87%
Magic:  2/2        EV:  7    Int:  5    God:
Gold:   22         SH:  9    Dex: 10    Spells: 2/2 levels left

rFire    . . .     SeeInvis .   a - +0 war axe
rCold    . . .     Gourm    .   c - +0 shield
rNeg     . . .     Faith    .   b - +0 scale mail
rPois    .         Spirit   .   (helmet restricted)
rElec    .         Reflect  .   i - +0 cloak
rCorr    .         Harm     .   (no gloves)
MR       .....                  (no boots)
Stlth    ..........             (no amulet)
HPRegen  0.10/turn              (no ring)
MPRegen  0.08/turn              (no ring)

@: lethally poisoned (0 -> -33)
A: retaliatory headbutt, horns 2
a: no special abilities


You were on level 2 of the Dungeon.
You were not hungry.

You visited 1 branch of the dungeon, and saw 3 of its levels.

You collected 22 gold pieces.

Inventory:

Hand Weapons
 a - a +0 war axe (weapon)
 j - a +2 hand axe of flaming
Armour
 b - a +0 scale mail (worn)
 c - a +0 shield (worn)
 i - a +0 cloak (worn)
Scrolls
 e - a scroll of teleportation {unknown}
Potions
 d - a potion of might
 g - a potion of magic {unknown}
 h - a potion of degeneration {unknown}
 k - a potion of heal wounds {unknown}
 m - a potion of curing {unknown}
Comestibles
 f - a ration


   Skills:
 - Level 3.6 Fighting
 + Level 5.1 Axes
 - Level 3.6 Armour
 - Level 3.6 Shields


You had 2 spell levels left.
You didn't know any spells.

Dungeon Overview and Level Annotations

Branches:
Dungeon (3/15)

Altars:


Innate Abilities, Weirdness & Mutations

You reflexively headbutt those who attack you in melee.
You have a pair of horns on your head.


Message History

Robin is moderately wounded.
You feel sick. Robin closely misses you. Robin hits you but does no damage.
You are more poisoned.
You completely miss Robin.
Robin is moderately wounded.
* * * LOW HITPOINT WARNING * * *
You feel very sick. You block Robin's attack.
You hit Robin but do no damage. You headbutt Robin!
Robin is almost dead.
* * * LOW HITPOINT WARNING * * *
You feel very sick. Robin hits you but does no damage.
You are more poisoned.
You hit Robin.
You kill Robin!
Your Axes skill increases to level 5!
* * * LOW HITPOINT WARNING * * *
You feel very sick.
You die...

#.K##############
#gggg..g(.(.(...#
.gg#####..#####.#
.#####g)#####.#####
.......g()........#
....##.)#####.###.#
.##.##..#####.# #.#
?.........@)>.# #.#
....########### #.#
##. ##.# # #..#
#.## .. ##.## ..#
#. #...# .## .##
##... #!#.# .. ....
...# #.).#


There were no monsters in sight!

Vanquished Creatures
  Robin (D:2)
  An adder (D:2)
  An ooze (D:1)
  A worm (D:1)
  A leopard gecko (D:2)
  A giant cockroach (D:1)
  12 goblins
  3 hobgoblins
  4 jackals (D:2)
  2 frilled lizards
  3 kobolds
  A rat (D:2)
31 creatures vanquished.

Notes
Turn   | Place    | Note
-------+----------+-------------------------------------------
     0 | D:1      | Gildeon the Minotaur Fighter began the quest for the Orb.
     0 | D:1      | Reached XP level 1. HP: 19/19 MP: 0/0
   133 | D:1      | Reached skill level 3 in Axes
   181 | D:1      | Reached XP level 2. HP: 11/26 MP: 1/1
  1081 | D:2      | Reached skill level 4 in Axes
  1196 | D:2      | Noticed Robin
  1211 | D:2      | Reached XP level 3. HP: 25/31 MP: 2/2
  1553 | D:2      | Killed Robin
  1553 | D:2      | Reached skill level 5 in Axes
  1554 | D:2      | Succumbed to Robin's poison

Vault maps used:
D:1:      lemuel_arrival_muddy, minmay_liquid_box
D:2:      minitemple, uniq_robin
D:3:      uniq_crazy_yiuf_cottage

Skill      XL: |  1  2  3 |
---------------+----------+-----
Axes           | 3 4 5 |  5.1
Fighting       | |  3.6
Armour         | |  3.6
Shields        | |  3.6

Action                   || total
-------------------------++-------
Melee: War axe           ||    76
       Headbutt          ||    15
  Use: Scroll            ||     4
  Eat: Chunk             ||     2
Armor: Scale mail        ||    43
Dodge: Dodged            ||    23
Block: Shield            ||    53

Table legend:
 A = Spawn XP
 B = Non-spawn XP
 C = Spawn XP percentage of total XP
 D = Spawn monster count
 E = Non-spawn monster count
 F = Spawn count percentage of total count
 G = Total turns spent on level
                    A         B        C        D         E        F      G
               +---------+---------+-------+---------+---------+-------+---------
         Total |       0 |      90 |   0.0 |       0 |      31 |   0.0 |  1554
               +---------+---------+-------+---------+---------+-------+---------
           D:1 |       0 |      24 |   0.0 |       0 |       9 |   0.0 |  1069
           D:2 |       0 |      64 |   0.0 |       0 |      21 |   0.0 |   184
           D:3 |       0 |       2 |   0.0 |       0 |       1 |   0.0 |   301
               +---------+---------+-------+---------+---------+-------+---------
